ITL
HAVANA ROLLERS @ TUSCALOOSA TROUT SLAYERS
07/28/2030
 
TOP OF THE 1ST
Havana Rollers batting - Pitching for Tuscaloosa Trout Slayers : RHP Fernando Rodríguez
Pitching: RHP Fernando Rodríguez
Batting: RHB Paul Bailey 0-0: Ball
1-0: Ground out 4-3 (Groundball, 4M)
Batting: LHB Mario Olivares 0-0: Called Strike
0-1: DOUBLE (Groundball, 3L)
Batting: RHB Brant Sherman 0-0: Swinging Strike
0-1: Ball
1-1: Called Strike
1-2: Ball
2-2: Ball
Wild Pitch!
Mario Olivares to third
3-2: Foul Ball, location: 2F
3-2: Ground out 5-3 (Groundball, 5L)
Batting: RHB Soshu Nakamura 0-0: Ball
1-0: Ball
2-0: Ball
3-0: Base on Balls
Batting: RHB Bill Little 0-0: Called Strike
0-1: Hit by Pitch
Soshu Nakamura to second
Batting: LHB Shiro Ueno 0-0: Ball
1-0: Called Strike
1-1: Fielders Choice at 2nd, 6-4 (Groundball, 6D)
Top of the 1st over - 0 runs, 1 hit, 0 errors, 3 left on base; Havana 0 - Tuscaloosa 0
BOTTOM OF THE 1ST
Tuscaloosa Trout Slayers batting - Pitching for Havana Rollers : LHP Dave Miller
Pitching: LHP Dave Miller
Batting: RHB José Pinto 0-0: Ball
1-0: Ball
2-0: Ball
3-0: Base on Balls
Batting: RHB José Fernández 0-0: Swinging Strike
0-1: Ball
1-1: Foul Ball, location: 2F
1-2: Hit by Pitch
José Pinto to second
Pinch Runner at 1st Jason Saunders:
Batting: LHB Manuel Ortega 0-0: Ball
1-0: Ball
2-0: Fielders Choice at 2nd, 4-6 (Groundball, 4)
José Pinto to third
Batting: LHB Ed Hart 0-0: Ball
1-0: Called Strike
1-1: Ball
2-1: Fly out, F6 (Popup, 5D)
Batting: LHB Marcos Villarreal 0-0: Called Strike
0-1: Ball
1-1: Ball
2-1: SINGLE (Groundball, 4D)
José Pinto scores
Manuel Ortega to second
Runner from 2nd tries for 3rd, SAFE, throw made to third
Batting: RHB Augusto Baca 0-0: Called Strike
0-1: SINGLE (Groundball, 34D)
Manuel Ortega scores
Marcos Villarreal to second
Runner from 2nd tries for 3rd, SAFE, no throw
Batting: LHB Ethan Shaw 0-0: Called Strike
0-1: DOUBLE (Groundball, 5L)
Marcos Villarreal scores
Augusto Baca to third
Batting: SHB António Ramírez 0-0: Ball
1-0: Called Strike
1-1: Ball
2-1: Ball
3-1: Base on Balls
Batting: RHB Greg Lee 0-0: Fielders Choice at 2nd, 5-4 (Groundball, 56)
Bottom of the 1st over - 3 runs, 3 hits, 0 errors, 3 left on base; Havana 0 - Tuscaloosa 3
TOP OF THE 2ND
Havana Rollers batting - Pitching for Tuscaloosa Trout Slayers : RHP Fernando Rodríguez
Batting: RHB Mitsuharu Matsumoto 0-0: Called Strike
0-1: Ball
1-1: Called Strike
1-2: Ground out 5-3 (Groundball, 56S)
Batting: RHB Luis Aguilar 0-0: Ball
1-0: Foul Ball, location: 2F
1-1: Swinging Strike
1-2: Strikes out swinging
Batting: RHB Ken MacDonald 0-0: Ball
1-0: Foul Ball, location: 2F
1-1: Swinging Strike
1-2: Fly out, F8 (Flyball, 8RD)
Top of the 2nd over - 0 runs, 0 hits, 0 errors, 0 left on base; Havana 0 - Tuscaloosa 3
BOTTOM OF THE 2ND
Tuscaloosa Trout Slayers batting - Pitching for Havana Rollers : LHP Dave Miller
Batting: RHB José Pinto 0-0: Foul Ball, location: 2F
0-1: Ball
1-1: Swinging Strike
1-2: Ball
2-2: Ball
3-2: Strikes out looking
Batting: RHB Jason Saunders 0-0: DOUBLE (Flyball, 78XD)
Pinch Runner at 2nd Francisco Rea:
Batting: LHB Manuel Ortega 0-0: Called Strike
0-1: SINGLE (Line Drive, 78S)
Francisco Rea to third
Batting: LHB Ed Hart 0-0: Called Strike
0-1: Ball
1-1: Fly out, F7 (Flyball, 78XD)
Runner from 3rd tags up, SCORES, no throw
Batting: LHB Marcos Villarreal 0-0: SINGLE (Line Drive, 7S)
Manuel Ortega to second
Batting: RHB Augusto Baca 0-0: Called Strike
0-1: Fielders Choice at 2nd, 6-4 (Groundball, 6)
Bottom of the 2nd over - 1 run, 3 hits, 0 errors, 2 left on base; Havana 0 - Tuscaloosa 4
TOP OF THE 3RD
Havana Rollers batting - Pitching for Tuscaloosa Trout Slayers : RHP Fernando Rodríguez
Batting: RHB Paul Bailey 0-0: SINGLE (Groundball, 6MD)
Batting: LHB Mario Olivares 0-0: Ball
1-0: SINGLE (Line Drive, 78S)
Paul Bailey to second
Batting: RHB Brant Sherman 0-0: Ball
1-0: DOUBLE (Flyball, 78D)
Paul Bailey scores
Mario Olivares to third
Batting: RHB Soshu Nakamura 0-0: Ground out 5-3 (Groundball, 56)
Mario Olivares scores
Batting: RHB Bill Little 0-0: Called Strike
Brant Sherman steals 3rd base
0-1: Called Strike
0-2: Ball
1-2: Strikes out looking
Batting: LHB Shiro Ueno 0-0: Ball
1-0: Foul Ball, location: 2F
1-1: Ground out 6-3 (Groundball, 6)
Top of the 3rd over - 2 runs, 3 hits, 0 errors, 1 left on base; Havana 2 - Tuscaloosa 4
BOTTOM OF THE 3RD
Tuscaloosa Trout Slayers batting - Pitching for Havana Rollers : LHP Dave Miller
Batting: LHB Ethan Shaw 0-0: Called Strike
0-1: Called Strike
0-2: Strikes out swinging
Batting: SHB António Ramírez 0-0: Ball
1-0: SINGLE (Groundball, 56D)
Batting: RHB Greg Lee 0-0: Grounds into double play, 6-4-3 (Groundball, 6)
Bottom of the 3rd over - 0 runs, 1 hit, 0 errors, 0 left on base; Havana 2 - Tuscaloosa 4
TOP OF THE 4TH
Havana Rollers batting - Pitching for Tuscaloosa Trout Slayers : RHP Fernando Rodríguez
Batting: RHB Mitsuharu Matsumoto 0-0: Called Strike
0-1: SINGLE (Flyball, 8LS)
Batting: RHB Luis Aguilar 0-0: Ball
1-0: SINGLE (Groundball, 56D)
Mitsuharu Matsumoto to second
Batting: RHB Ken MacDonald 0-0: Grounds into double play, 3-6-3 (Groundball, 3)
Mitsuharu Matsumoto to third
Batting: RHB Paul Bailey 0-0: Called Strike
0-1: Foul Ball, location: 2F
0-2: Ball
1-2: Ball
2-2: Fly out, F9 (Flyball, 9S)
Top of the 4th over - 0 runs, 2 hits, 0 errors, 1 left on base; Havana 2 - Tuscaloosa 4
BOTTOM OF THE 4TH
Tuscaloosa Trout Slayers batting - Pitching for Havana Rollers : LHP Dave Miller
Batting: RHB José Pinto 0-0: Ball
1-0: Ball
2-0: Ball
3-0: Called Strike
3-1: Called Strike
3-2: Base on Balls
Batting: RHB Francisco Rea 0-0: Called Strike
0-1: Ball
1-1: SINGLE (Line Drive, 7LS)
José Pinto to second
Batting: LHB Manuel Ortega 0-0: Foul Ball, location: 2F
0-1: Called Strike
0-2: Ground out 4-3 (Groundball, 4S)
José Pinto to third
Francisco Rea to second
Batting: LHB Ed Hart 0-0: Fly out, F8 (Flyball, 8LXD)
Runner from 3rd tags up, SCORES, no throw
Francisco Rea to third
Batting: LHB Marcos Villarreal 0-0: Called Strike
0-1: Ball
1-1: SINGLE (Groundball, 34D)
Francisco Rea scores
Pitching: LHP Nick Clayton
Batting: RHB Augusto Baca 0-0: Called Strike
0-1: Ball
1-1: Foul Ball, location: 2F
1-2: Ball
2-2: Foul Ball, location: 2F
2-2: Ball
3-2: Base on Balls
Marcos Villarreal to second
Batting: LHB Ethan Shaw 0-0: SINGLE (Line Drive, 89S)
Marcos Villarreal to third
Augusto Baca to second
Runner from 3rd tries for Home, throw and OUT!
Bottom of the 4th over - 2 runs, 3 hits, 0 errors, 2 left on base; Havana 2 - Tuscaloosa 6
TOP OF THE 5TH
Havana Rollers batting - Pitching for Tuscaloosa Trout Slayers : RHP Fernando Rodríguez
Batting: LHB Mario Olivares 0-0: Ball
1-0: Swinging Strike
1-1: Fly out, F6 (Popup, 6M)
Batting: RHB Brant Sherman 0-0: Swinging Strike
0-1: Ball
1-1: Ball
2-1: Called Strike
2-2: Ball
3-2: Strikes out swinging
Batting: RHB Soshu Nakamura 0-0: Foul Ball, location: 2F
0-1: Called Strike
0-2: Ball
1-2: Ball
2-2: Ground out 6-3 (Groundball, 6)
Top of the 5th over - 0 runs, 0 hits, 0 errors, 0 left on base; Havana 2 - Tuscaloosa 6
BOTTOM OF THE 5TH
Tuscaloosa Trout Slayers batting - Pitching for Havana Rollers : LHP Nick Clayton
Batting: SHB António Ramírez 0-0: Called Strike
0-1: Called Strike
0-2: Ball
1-2: Foul Ball, location: 2F
1-2: Foul Ball, location: 2F
1-2: Foul Ball, location: 2F
1-2: Ball
2-2: Ball
3-2: Base on Balls
Batting: RHB Greg Lee 0-0: SINGLE (Groundball, 56D)
António Ramírez to second
Batting: RHB José Pinto 0-0: Ball
1-0: Ball
2-0: Ball
3-0: Base on Balls
António Ramírez to third
Greg Lee to second
Batting: RHB Francisco Rea 0-0: Called Strike
0-1: GRAND SLAM HOME RUN (Flyball, 7D), Distance : 350 ft
Batting: LHB Manuel Ortega 0-0: Ball
1-0: Ball
2-0: Swinging Strike
2-1: Ball
3-1: Called Strike
3-2: Foul Ball, location: 2F
3-2: Foul Ball, location: 2F
3-2: Base on Balls
Batting: LHB Ed Hart 0-0: Ball
Manuel Ortega steals 2nd base
1-0: Fly out, F8 (Flyball, 8RM)
Batting: LHB Marcos Villarreal 0-0: Called Strike
0-1: Called Strike
0-2: Strikes out swinging
Batting: RHB Augusto Baca 0-0: Called Strike
0-1: Ball
1-1: Fly out, F8 (Line Drive, 8LM)
Bottom of the 5th over - 4 runs, 2 hits, 0 errors, 1 left on base; Havana 2 - Tuscaloosa 10
TOP OF THE 6TH
Havana Rollers batting - Pitching for Tuscaloosa Trout Slayers : RHP Fernando Rodríguez
Batting: RHB Bill Little 0-0: Ball
1-0: Ball
2-0: Called Strike
2-1: Foul Ball, location: 2F
2-2: SINGLE (Flyball, 78S)
Batting: LHB Shiro Ueno 0-0: Ball
1-0: Ball
2-0: Swinging Strike
2-1: Called Strike
2-2: Ball
Wild Pitch!
Bill Little to second
3-2: Foul Ball, location: 2F
3-2: Strikes out looking
Batting: RHB Mitsuharu Matsumoto 0-0: Ball
1-0: Called Strike
1-1: Called Strike
1-2: Ball
2-2: Foul Ball, location: 2F
2-2: Ball
3-2: Fly out, F9 (Flyball, 9D)
Batting: RHB Luis Aguilar 0-0: Ball
1-0: Ball
2-0: Ball
3-0: Base on Balls
Batting: RHB Ken MacDonald 0-0: Called Strike
0-1: Ball
1-1: Fly out, F8 (Flyball, 78D)
Top of the 6th over - 0 runs, 1 hit, 0 errors, 2 left on base; Havana 2 - Tuscaloosa 10
BOTTOM OF THE 6TH
Tuscaloosa Trout Slayers batting - Pitching for Havana Rollers : LHP Nick Clayton
Batting: LHB Ethan Shaw 0-0: Called Strike
0-1: Ball
1-1: Foul Ball, location: 2F
1-2: Ball
2-2: Foul Ball, location: 2F
2-2: SINGLE (Flyball, 8LS)
Batting: SHB António Ramírez 0-0: Ball
1-0: SINGLE (Groundball, 34D)
Ethan Shaw to second
Runner from 2nd tries for 3rd, SAFE, throw made to third
Batting: RHB Greg Lee 0-0: Ball
1-0: Foul Ball, location: 2F
1-1: Foul Ball, location: 2F
1-2: Foul Ball, location: 2F
1-2: Foul Ball, location: 2F
1-2: Ball
2-2: Foul Ball, location: 2F
2-2: Ball
3-2: Base on Balls
António Ramírez to second
Batting: RHB José Pinto 0-0: Ball
1-0: Ball
2-0: Grounds into double play, 4-6-3 (Groundball, 4)
Ethan Shaw scores
António Ramírez to third
Batting: RHB Francisco Rea 0-0: Foul Ball, location: 2F
0-1: Fly out, F2 (Popup, 23F)
Bottom of the 6th over - 1 run, 2 hits, 0 errors, 1 left on base; Havana 2 - Tuscaloosa 11
TOP OF THE 7TH
Havana Rollers batting - Pitching for Tuscaloosa Trout Slayers : RHP Fernando Rodríguez
Batting: RHB Paul Bailey 0-0: Ball
1-0: Called Strike
1-1: Ball
2-1: Fly out, F4 (Line Drive, 4)
Batting: LHB Mario Olivares 0-0: Called Strike
0-1: Called Strike
0-2: Ball
1-2: Ball
2-2: Ball
3-2: Foul Ball, location: 2F
3-2: Base on Balls
Batting: RHB Brant Sherman 0-0: Called Strike
0-1: Ball
1-1: SINGLE (Line Drive, 4MD)
Mario Olivares to second
Batting: RHB Soshu Nakamura 0-0: SINGLE (Groundball, 34D)
Mario Olivares to third
Brant Sherman to second
Batting: RHB Bill Little 0-0: Called Strike
0-1: Ball
1-1: Foul Ball, location: 2F
1-2: Strikes out swinging
Batting: LHB Shiro Ueno 0-0: Ball
1-0: Called Strike
1-1: Called Strike
1-2: Strikes out swinging
Top of the 7th over - 0 runs, 2 hits, 0 errors, 3 left on base; Havana 2 - Tuscaloosa 11
BOTTOM OF THE 7TH
Tuscaloosa Trout Slayers batting - Pitching for Havana Rollers : LHP Nick Clayton
Batting: LHB Manuel Ortega 0-0: Foul Ball, location: 2F
0-1: Swinging Strike
0-2: Ball
1-2: Foul Ball, location: 2F
1-2: Ball
2-2: Ball
3-2: Foul Ball, location: 2F
3-2: SINGLE (Groundball, 4D)
Pitching: LHP Mike Doss
Batting: LHB Ed Hart 0-0: Called Strike
0-1: Ball
Manuel Ortega steals 2nd base
1-1: Foul Ball, location: 2F
1-2: Ball
2-2: Foul Ball, location: 2F
2-2: Hit by Pitch
Batting: LHB Marcos Villarreal 0-0: Ball
1-0: Ball
2-0: Ball
3-0: Base on Balls
Manuel Ortega to third
Ed Hart to second
Batting: RHB Augusto Baca 0-0: Foul Ball, location: 2F
0-1: Ball
1-1: Swinging Strike
1-2: Foul Ball, location: 2F
1-2: Fly out, F8 (Line Drive, 8LD)
Runner from 3rd tags up, SCORES, no throw
Batting: LHB Ethan Shaw 0-0: Ball
1-0: Called Strike
1-1: Ball
2-1: Ball
3-1: Base on Balls
Ed Hart to third
Marcos Villarreal to second
Batting: SHB António Ramírez 0-0: Ball
1-0: Fielders Choice at 2nd, 6-4 (Groundball, 56)
Ed Hart scores
Marcos Villarreal to third
Batting: RHB Greg Lee 0-0: Ground out 4-3 (Groundball, 4MS)
Bottom of the 7th over - 2 runs, 1 hit, 0 errors, 2 left on base; Havana 2 - Tuscaloosa 13
TOP OF THE 8TH
Havana Rollers batting - Pitching for Tuscaloosa Trout Slayers : RHP Fernando Rodríguez
Pitching: RHP Ronald Adams
Now at 3B: Dave Hall
Pinch Hitting: LHB Jimmy Husted 0-0: Ball
1-0: SINGLE (Flyball, 7S)
Batting: RHB Luis Aguilar 0-0: Ball
1-0: Ball
2-0: Called Strike
2-1: Ground out 5-3 (Groundball, 56S)
Jimmy Husted to second
Batting: RHB Ken MacDonald 0-0: Ground out 6-3 (Groundball, 6)
Batting: RHB Paul Bailey 0-0: Called Strike
0-1: Foul Ball, location: 2F
0-2: Strikes out swinging
Top of the 8th over - 0 runs, 1 hit, 0 errors, 1 left on base; Havana 2 - Tuscaloosa 13
BOTTOM OF THE 8TH
Tuscaloosa Trout Slayers batting - Pitching for Havana Rollers : LHP Mike Doss
Now at SS: Chad Case
Batting: RHB José Pinto 0-0: Called Strike
0-1: Ground out 6-3 (Groundball, 6)
Batting: RHB Francisco Rea 0-0: Ground out U3 (Groundball, 34)
Batting: LHB Manuel Ortega 0-0: Foul Ball, location: 2F
0-1: Swinging Strike
0-2: Ball
1-2: Strikes out swinging
Bottom of the 8th over - 0 runs, 0 hits, 0 errors, 0 left on base; Havana 2 - Tuscaloosa 13
TOP OF THE 9TH
Havana Rollers batting - Pitching for Tuscaloosa Trout Slayers : RHP Ronald Adams
Now in LF: Eddy Jefferson
Batting: LHB Mario Olivares 0-0: Swinging Strike
0-1: Swinging Strike
0-2: Foul Ball, location: 2F
0-2: Foul Ball, location: 2F
0-2: Fly out, F8 (Flyball, 89S)
Batting: RHB Brant Sherman 0-0: Ball
1-0: Ground out U3 (Groundball, 34S)
Batting: RHB Soshu Nakamura 0-0: Called Strike
0-1: Ball
1-1: Swinging Strike
1-2: Ball
2-2: Ball
3-2: SOLO HOME RUN (Flyball, 7LD), Distance : 350 ft
Batting: RHB Bill Little 0-0: Foul Ball, location: 2F
0-1: Foul Ball, location: 2F
0-2: Ball
1-2: Ball
2-2: Ball
3-2: Strikes out looking
Top of the 9th over - 1 run, 1 hit, 0 errors, 0 left on base; Havana 3 - Tuscaloosa 13
Saturday, April 7th, 2018 - OOTP Baseball 18.8 Build 76